[Event "Titled Tuesday Blitz July 13 2021"]
[White "Borsuk, Konstantin"]
[Black "Khusnutdinov, Rustam"]
[WhiteFideId "14113406"]
[BlackFideId "13701703"]
[WhiteElo "2363"]
[BlackElo "2571"]
[Result "0-1"]
[Round "06"]
[TimeControl "180+1"]
[Date "2021.07.13"]
[WhiteClock "0:00:06"]
[BlackClock "0:00:16"]

1. d4 d5 2. c4 e6 3. Nc3 a6 4. Nf3 dxc4 5. e3 b5 6. a4 b4 7. Ne4 Bb7 8. Ng3 c5 9. Bxc4 cxd4 10. exd4 Nf6 11. O-O Be7 12. Bf4 O-O 13. Qe2 Nc6 14. Be5 Na5 15. Bd3 Qd5 16. Qe3 Ng4 17. Qe2 Nxe5 18. dxe5 Rfd8 19. Be4 Qb3 20. Bc2 Qc4 21. Qxc4 Nxc4 22. b3 Bxf3 23. gxf3 Nxe5 24. f4 Nf3+ 25. Kg2 Nd4 26. Bd1 g6 27. Rc1 Bd6 28. Ne2 Nxe2 29. Bxe2 Bxf4 30. Rc4 Bd6 31. Rd4 a5 32. Rfd1 Be7 33. Rd7 Kf8 34. Bc4 h5 35. h3 Kg7 36. Kf3 Kf6 37. Ke4 Rac8 38. f4 Rb8 39. R1d3 Ra8 40. Bb5 Rac8 41. Bc4 Rxd7 42. Rxd7 Bd8 43. Rb7 Bc7 44. Bb5 Ke7 45. Ra7 Kd8 46. Bc4 Rb8 47. Ra6 Rb6 48. Rxa5 f5+ 49. Kf3 Rd6 50. Rb5 Rd4 51. Rxb4 Rxf4+ 52. Kg2 Rd4 53. Rb5 e5 54. Rd5+ Rxd5 55. Bxd5 Ba5 56. Bf7 g5 57. Bxh5 Ke7 58. Kf3 Kf6 59. Be8 e4+ 60. Ke2 Ke5 61. Bg6 f4 62. Bh7 Kd4 63. Bf5 f3+ 64. Kf2 Ke5 65. Bg4 Kf4 66. Bh5 e3+ 67. Kf1 e2+ 0-1


[Site "https://www.chess.com"]

[Event "Titled Tuesday Blitz July 13 2021"]
[White "Bortnyk, Olexandr"]
[Black "Bernadskiy, Vitaliy"]
[WhiteFideId "14120828"]
[BlackFideId "14100371"]
[WhiteElo "2723"]
[BlackElo "2510"]
[Result "0-1"]
[Round "06"]
[TimeControl "180+1"]
[Date "2021.07.13"]
[WhiteClock "0:00:02"]
[BlackClock "0:01:58"]

1. d4 d5 2. Bf4 c5 3. e3 Nc6 4. c3 Bf5 5. Nd2 e6 6. Ngf3 Bd6 7. Bg3 Nge7 8. Be2 O-O 9. Nf1 Bg6 10. Bxd6 Qxd6 11. Ng3 Rac8 12. O-O Nf5 13. Nxf5 Bxf5 14. Qb3 c4 15. Qd1 b5 16. a3 a5 17. Nd2 b4 18. axb4 axb4 19. e4 Bxe4 20. Nxe4 dxe4 21. Bxc4 bxc3 22. bxc3 Nxd4 23. Bxe6 Rxc3 24. Bh3 Rxh3 25. f4 Rd3 26. Qh5 g6 27. Qg4 Nf5 28. Rfe1 Qd4+ 29. Kh1 Rd8 30. Rac1 h5 31. Qg5 e3 32. h3 Rd2 33. Rc7 Rd1 34. Rxd1 Qxd1+ 35. Kh2 Qd6 0-1


[Site "https://www.chess.com"]

[Event "Titled Tuesday Blitz July 13 2021"]
[White "Carlsson, Ludvig"]
[Black "Bazeev, German"]
[WhiteFideId "1727010"]
[BlackFideId "24119350"]
[WhiteElo "2147"]
[BlackElo "2462"]
[Result "0-1"]
[Round "06"]
[TimeControl "180+1"]
[Date "2021.07.13"]
[WhiteClock "0:01:52"]
[BlackClock "0:01:27"]

1. e4 c5 2. Nf3 Nf6 3. Nc3 Nc6 4. Bb5 e5 5. d3 d6 6. O-O Bg4 7. h3 Bh5 8. Bg5 h6 9. Bxf6 Qxf6 10. Nd5 Qd8 11. c3 Be7 12. d4 cxd4 13. cxd4 O-O 14. Bxc6 bxc6 15. Nxe7+ Qxe7 16. dxe5 dxe5 17. Qb3 Rab8 18. Qc3 Bxf3 19. gxf3 Qe6 20. Kh2 Rfd8 21. b3 Rd4 22. Rac1 Qf6 23. Rfd1 Rbd8 24. Rxd4 Qf4+ 25. Kg2 exd4 26. Qxc6 Rd6 27. Qc8+ Kh7 28. Qf5+ Rg6+ 29. Kf1 Qxc1+ 0-1


[Site "https://www.chess.com"]

[Event "Titled Tuesday Blitz July 13 2021"]
[White "Costachi, Mihnea"]
[Black "Yeletsky, Ivan"]
[WhiteFideId "1217518"]
[BlackFideId "24180327"]
[WhiteElo "2482"]
[BlackElo "2344"]
[Result "0-1"]
[Round "06"]
[TimeControl "180+1"]
[Date "2021.07.13"]
[WhiteClock "0:00:35"]
[BlackClock "0:00:42"]

1. d4 Nf6 2. c4 g6 3. Nc3 Bg7 4. e4 O-O 5. Be2 d6 6. Bg5 Na6 7. Qd2 Qe8 8. Nf3 e5 9. dxe5 dxe5 10. O-O c6 11. Qc2 Nc5 12. b4 Ne6 13. Rad1 Nxg5 14. Nxg5 Qe7 15. c5 a5 16. a3 Nh5 17. Bxh5 Qxg5 18. Bf3 axb4 19. axb4 Be6 20. b5 Rfd8 21. bxc6 bxc6 22. Rxd8+ Qxd8 23. Rd1 Qa5 24. Ne2 Bf8 25. Rc1 Qb4 26. h3 h5 27. Ng3 Ra2 28. Qd3 Bxc5 29. Nh1 Qd4 30. Qxd4 Bxd4 31. Rxc6 Kg7 32. Rc1 Kh6 33. Bd1 Rd2 34. Ba4 Kg5 35. Bb5 Kf4 36. Re1 h4 37. Be2 f5 38. g3+ hxg3 39. Nxg3 fxe4 40. h4 e3 41. fxe3+ Bxe3+ 42. Kg2 Bd5+ 43. Kh3 Bf2 44. Rf1 Ke3 45. Bg4 e4 46. Ra1 Rd3 47. Nf1+ Kf4+ 48. Kg2 e3+ 49. Kh3 e2+ 50. Kh2 e1=Q 51. Rxe1 Bxe1 52. Be2 Ra3 0-1


[Site "https://www.chess.com"]

[Event "Titled Tuesday Blitz July 13 2021"]
[White "Csonka, Balazs"]
[Black "shnitez"]
[WhiteFideId "742910"]
[WhiteElo "2404"]
[BlackElo "2456"]
[Result "1/2-1/2"]
[Round "06"]
[TimeControl "180+1"]
[Date "2021.07.13"]
[WhiteClock "0:00:03"]
[BlackClock "0:00:08"]

1. d4 Nf6 2. c4 e6 3. g3 c5 4. Nf3 cxd4 5. Nxd4 d5 6. Bg2 e5 7. Nf3 d4 8. O-O Nc6 9. e3 d3 10. Nc3 Bb4 11. Nd5 Nxd5 12. cxd5 Qxd5 13. Qa4 b5 14. Qd1 e4 15. a3 Be7 16. Nd2 Bf5 17. f3 exf3 18. Bxf3 Qe6 19. Bxc6+ Qxc6 20. Rxf5 O-O 21. Nf3 Rad8 22. Bd2 g6 23. Rc1 Qb7 24. Rf4 Bd6 25. Rd4 Bb8 26. Qf1 a6 27. Rc3 Ba7 28. Rxd8 Rxd8 29. Nd4 Rxd4 30. Rxd3 Rxd3 31. Qxd3 Qe7 32. Kg2 Bc5 33. e4 Bd6 34. Bc3 Be5 35. Bxe5 Qxe5 36. Qc2 Qd4 37. b3 a5 38. a4 bxa4 39. bxa4 h5 40. h4 1/2-1/2


[Site "https://www.chess.com"]

[Event "Titled Tuesday Blitz July 13 2021"]
[White "Cunha, Lucas Aguiar"]
[Black "Navalgund, Niranjan"]
[WhiteFideId "2125404"]
[BlackFideId "5030854"]
[WhiteElo "2361"]
[BlackElo "2290"]
[Result "1-0"]
[Round "06"]
[TimeControl "180+1"]
[Date "2021.07.13"]
[WhiteClock "0:02:13"]
[BlackClock "0:02:06"]

1. e4 e5 2. Nf3 Nc6 3. Nc3 Nf6 4. Bb5 Nd4 5. Ba4 Bc5 6. Nxe5 O-O 7. Nd3 Bb6 8. e5 Re8 9. O-O d6 10. exf6 Qxf6 11. Bxe8 Qg6 12. Nf4 Qh6 13. d3 Bf5 14. Ba4 g5 15. Nfd5 Re8 16. Be3 Ne6 17. Bxe8 1-0


[Site "https://www.chess.com"]

[Event "Titled Tuesday Blitz July 13 2021"]
[White "Darini, Pouria"]
[Black "Sharapov, Evgeny"]
[WhiteFideId "12502200"]
[BlackFideId "14103133"]
[WhiteElo "2489"]
[BlackElo "2367"]
[Result "1-0"]
[Round "06"]
[TimeControl "180+1"]
[Date "2021.07.13"]
[WhiteClock "0:00:09"]
[BlackClock "0:00:20"]

1. e4 c6 2. Nf3 d5 3. d3 dxe4 4. dxe4 Qxd1+ 5. Kxd1 Bg4 6. Be2 Nd7 7. Ne1 Bxe2+ 8. Kxe2 e5 9. Nd3 Ngf6 10. f3 Bc5 11. Nxc5 Nxc5 12. Be3 Ne6 13. Nd2 Nf4+ 14. Kf2 Ng6 15. Nc4 Ke7 16. Rhd1 b6 17. Nd6 Rhd8 18. Nf5+ Kf8 19. a4 Ne7 20. Nd6 Nfd5 21. Nb7 Rd7 22. exd5 Rxb7 23. dxc6 Nxc6 24. Rd6 Rc8 25. Rad1 Ke7 26. R6d5 f6 27. c3 Rcc7 28. f4 Rd7 29. b4 Rxd5 30. Rxd5 Rd7 31. Rxd7+ Kxd7 32. fxe5 fxe5 33. Kf3 Ke6 34. Ke4 Ne7 35. c4 Nc8 36. c5 bxc5 37. Bxc5 Nd6+ 38. Bxd6 Kxd6 39. g4 g6 40. h4 h5 41. g5 Ke6 42. b5 Kd6 43. a5 Kc5 44. b6 axb6 45. axb6 Kxb6 46. Kxe5 1-0


[Site "https://www.chess.com"]

[Event "Titled Tuesday Blitz July 13 2021"]
[White "David, Alexandru-Vasile"]
[Black "Maevsky, Nikolay"]
[WhiteFideId "1223453"]
[BlackFideId "4198220"]
[WhiteElo "2393"]
[BlackElo "2213"]
[Result "0-1"]
[Round "06"]
[TimeControl "180+1"]
[Date "2021.07.13"]
[WhiteClock "0:00:05"]
[BlackClock "0:00:12"]

1. d4 d5 2. c4 Nc6 3. Nc3 dxc4 4. Nf3 Nf6 5. Bg5 Nd5 6. e4 Nxc3 7. bxc3 Na5 8. Bxc4 Nxc4 9. Qa4+ c6 10. Qxc4 Be6 11. Qd3 g6 12. O-O Bg7 13. c4 Bg4 14. Rab1 b6 15. d5 Bxf3 16. Qxf3 Qc7 17. Qe2 O-O 18. f4 Rac8 19. Rbd1 cxd5 20. cxd5 Rfe8 21. e5 f6 22. Bh4 fxe5 23. Bg3 exf4 24. Qe6+ Kh8 25. Rxf4 Qc5+ 26. Kh1 Rf8 27. h3 Rxf4 28. Bxf4 Rf8 29. Bg5 Bf6 30. Rc1 Qd6 31. Bxf6+ Rxf6 32. Qc8+ Kg7 33. Qb7 Qf4 34. Re1 Rf7 35. Qxa7 Qf2 36. Qa6 Qxe1+ 0-1


[Site "https://www.chess.com"]

[Event "Titled Tuesday Blitz July 13 2021"]
[White "De Silva, L M S T"]
[Black "Elgersma, Onno"]
[WhiteFideId "9953698"]
[BlackFideId "1053531"]
[WhiteElo "1621"]
[BlackElo "2452"]
[Result "1-0"]
[Round "06"]
[TimeControl "180+1"]
[Date "2021.07.13"]
[WhiteClock "0:01:51"]
[BlackClock "0:01:44"]

1. Nf3 d5 2. b3 Nf6 3. Bb2 c5 4. e3 Nc6 5. c4 e6 6. g3 d4 7. Bg2 Be7 8. O-O O-O 9. exd4 cxd4 10. Re1 Re8 11. d3 Bf8 12. Ne5 Nxe5 13. Rxe5 Bd6 14. Bxd4 Bxe5 15. Bxe5 Nd7 16. Bb2 e5 17. Nc3 Nf6 18. Qd2 e4 19. d4 Bf5 20. d5 Qd7 21. Nd1 Ng4 22. h3 Ne5 23. Bxe5 Rxe5 24. g4 Bg6 25. Ne3 h5 26. Qd4 f6 27. c5 hxg4 28. hxg4 Rf5 29. gxf5 1-0


[Site "https://www.chess.com"]

[Event "Titled Tuesday Blitz July 13 2021"]
[White "Djordjevic, Vuk"]
[Black "Cunjalo, Faris"]
[WhiteFideId "902098"]
[BlackFideId "14410710"]
[WhiteElo "2463"]
[BlackElo "2234"]
[Result "0-1"]
[Round "06"]
[TimeControl "180+1"]
[Date "2021.07.13"]
[WhiteClock "0:00:01"]
[BlackClock "0:00:09"]

1. d4 e6 2. Nf3 b6 3. e4 Bb7 4. Nc3 d6 5. Be2 Ne7 6. Be3 g6 7. O-O Bg7 8. a4 a6 9. Nd2 Nd7 10. f4 O-O 11. Bf3 c5 12. Nb3 Qc7 13. Qe2 d5 14. Rfd1 dxe4 15. Nxe4 cxd4 16. Bxd4 e5 17. fxe5 Nxe5 18. Bxe5 Bxe5 19. Kh1 Bxb2 20. Rab1 Be5 21. Nbc5 Bc6 22. Nd3 Bg7 23. Rb4 Nf5 24. Qf2 b5 25. axb5 axb5 26. Ng5 Bxf3 27. Nxf3 Ra2 28. Nde1 Qc6 29. Rdb1 Ra5 30. Qe2 Re8 31. Qd3 Bc3 32. Rxb5 Rxb5 33. Rxb5 Bxe1 34. Ne5 Qd6 35. Rd5 Qe6 36. Ng4 h5 37. Re5 hxg4 38. Rxe6 Rxe6 39. Kg1 g3 40. hxg3 Bxg3 41. Qd1 0-1


[Site "https://www.chess.com"]

[Event "Titled Tuesday Blitz July 13 2021"]
[White "Dobrowolski, Piotr"]
[Black "Gogolev, Artem"]
[WhiteFideId "1106236"]
[BlackFideId "4116615"]
[WhiteElo "2304"]
[BlackElo "2191"]
[Result "1/2-1/2"]
[Round "06"]
[TimeControl "180+1"]
[Date "2021.07.13"]
[WhiteClock "0:00:20"]
[BlackClock "0:00:54"]

1. e4 e5 2. Nf3 Nc6 3. Bb5 Nf6 4. d4 exd4 5. O-O Bc5 6. e5 Nd5 7. c3 O-O 8. cxd4 Be7 9. Nc3 Nxc3 10. bxc3 d6 11. Bf4 Bg4 12. exd6 Bxd6 13. Bg3 Qf6 14. Bxc6 bxc6 15. Qd3 Bxf3 16. Qxf3 Qxf3 17. gxf3 Rab8 18. Rab1 Rb6 19. Rxb6 axb6 20. Bxd6 cxd6 21. Rb1 b5 22. d5 cxd5 23. Rxb5 g6 24. Rxd5 Ra8 25. Rxd6 Rxa2 26. Kg2 Kg7 27. c4 Rc2 28. Rc6 g5 29. c5 f6 30. Rc8 Kg6 31. c6 h5 32. h3 h4 33. Rc7 Kf5 34. Rc8 Kf4 35. Rc7 Rc3 36. Rc8 Rxf3 37. Rf8 Rc3 38. Rxf6+ Ke5 39. Rg6 Kf5 40. Rh6 Kf4 41. Rd6 Ke5 42. Rh6 Kf4 43. Re6 Kf5 44. Rh6 Kf4 1/2-1/2


[Site "https://www.chess.com"]

[Event "Titled Tuesday Blitz July 13 2021"]
[White "Dolzhykova, Kateryna"]
[Black "Tomb, Maroun"]
[WhiteFideId "14113414"]
[BlackFideId "5300398"]
[WhiteElo "2151"]
[BlackElo "2527"]
[Result "1/2-1/2"]
[Round "06"]
[TimeControl "180+1"]
[Date "2021.07.13"]
[WhiteClock "0:00:04"]
[BlackClock "0:00:12"]

1. e4 d6 2. d4 Nf6 3. Nc3 e5 4. dxe5 dxe5 5. Qxd8+ Kxd8 6. Bc4 Ke8 7. Bg5 Bd6 8. O-O-O Nbd7 9. f3 a6 10. Nge2 h6 11. Be3 Bc5 12. Bxc5 Nxc5 13. Nd5 Ne6 14. Nxf6+ gxf6 15. Bxe6 Bxe6 16. Ng3 h5 17. Rd2 h4 18. Nf1 Ke7 19. Ne3 c6 20. b3 Rad8 21. Rhd1 Rxd2 22. Rxd2 Rg8 23. Kb2 Rg5 24. Kc3 a5 25. a3 b6 26. b4 axb4+ 27. axb4 b5 28. Rd1 Rg8 29. Ra1 Rd8 30. Ra7+ Rd7 31. Ra8 Rd8 32. Rxd8 Kxd8 33. Kd2 Ke7 34. c3 Kf8 35. Nd1 Kg7 36. Ke3 f5 37. Nb2 f4+ 38. Kf2 f5 39. Nd3 Kf6 40. Nc5 fxe4 41. fxe4 Bc4 42. Nb7 Ke6 43. Na5 Bd3 44. Kf3 Kd6 45. Nb7+ Ke7 46. Nc5 Bc2 47. Kg4 Bd1+ 48. Kxh4 Be2 49. g4 Bf3 50. Nd3 Kf6 51. Nf2 Kg6 52. Nd3 Kf6 53. Nf2 Kg6 54. Nd3 Kf6 1/2-1/2


[Site "https://www.chess.com"]

[Event "Titled Tuesday Blitz July 13 2021"]
[White "Wagner, Dinara"]
[Black "Damjanovic, Vladimir"]
[WhiteFideId "24157570"]
[BlackFideId "903795"]
[WhiteElo "2260"]
[BlackElo "2374"]
[Result "1-0"]
[Round "06"]
[TimeControl "180+1"]
[Date "2021.07.13"]
[WhiteClock "0:00:16"]
[BlackClock "0:00:14"]

1. d4 Nf6 2. c4 c5 3. d5 b5 4. cxb5 a6 5. bxa6 g6 6. Nf3 Bg7 7. Nc3 O-O 8. g3 d6 9. Bg2 Nbd7 10. O-O Nb6 11. Rb1 Bf5 12. Ra1 Ne4 13. Nh4 Nxc3 14. bxc3 Bd7 15. Qc2 Rxa6 16. Bg5 h6 17. Bd2 Bb5 18. Rfe1 Bc4 19. a4 Qd7 20. a5 Rfa8 21. Nxg6 fxg6 22. Qxg6 Nxd5 23. Bxh6 e6 24. Ra4 Qf7 25. Qxf7+ Kxf7 26. Bxg7 Bb5 27. Rg4 Rg8 28. c4 Rxg7 29. Rxg7+ Kxg7 30. cxd5 e5 31. Ra1 Bxe2 32. Bf1 Bxf1 33. Kxf1 Kf6 34. Ke2 e4 35. h4 Kf5 36. Ke3 c4 37. Kd4 c3 38. Kxc3 Ke5 39. h5 Kxd5 40. h6 Ra8 41. a6 Kc5 42. a7 d5 43. Ra5+ Kb6 44. Rxd5 Rxa7 45. Rh5 Rh7 46. Kd4 Kc6 47. Kxe4 Kd6 48. f4 Ke6 49. g4 Kf6 50. g5+ Kg6 51. Rh1 Re7+ 52. Kf3 Kh7 53. Kg4 Re4 54. Rb1 Re7 55. Rb6 Rc7 56. Kh5 Rd7 57. g6+ Kg8 58. Rb8+ Rd8 59. Rxd8# 1-0


[Site "https://www.chess.com"]

[Event "Titled Tuesday Blitz July 13 2021"]
[White "Erdogdu, Mert"]
[Black "Sadovsky, Artem"]
[WhiteFideId "6301495"]
[BlackFideId "4155840"]
[WhiteElo "2485"]
[BlackElo "2442"]
[Result "1-0"]
[Round "06"]
[TimeControl "180+1"]
[Date "2021.07.13"]
[WhiteClock "0:00:14"]
[BlackClock "0:00:09"]

1. e4 g6 2. d4 Bg7 3. Nc3 c6 4. Be3 d5 5. h3 dxe4 6. Nxe4 Nd7 7. Nf3 Ngf6 8. Nxf6+ Nxf6 9. Bc4 O-O 10. O-O a5 11. a4 Qd6 12. Re1 Nd5 13. Bg5 Re8 14. Qd2 Be6 15. Bb3 Rad8 16. Qxa5 Nb4 17. Bxe6 fxe6 18. Bf4 Qxf4 19. Qxb4 Bxd4 20. c3 c5 21. Qb3 c4 22. Qc2 Bf6 23. Re4 Qf5 24. Qe2 Rd3 25. Rxc4 Red8 26. Re4 Kf7 27. a5 Qb5 28. g3 Qb3 29. Kg2 h5 30. Rb4 Qd5 31. Re1 g5 32. Re4 Rd6 33. c4 Qc6 34. b4 g4 35. hxg4 hxg4 36. Rxg4 Rd2 37. Qe4 Rb2 38. Qg6+ Kf8 39. Qg8# 1-0


[Site "https://www.chess.com"]

[Event "Titled Tuesday Blitz July 13 2021"]
[White "Gabrielian, Artur"]
[Black "Alavkin, Arseny"]
[WhiteFideId "4131002"]
[BlackFideId "4120612"]
[WhiteElo "2523"]
[BlackElo "2401"]
[Result "1-0"]
[Round "06"]
[TimeControl "180+1"]
[Date "2021.07.13"]
[WhiteClock "0:00:42"]
[BlackClock "0:01:36"]

1. e4 e6 2. d4 d5 3. Nd2 Be7 4. Ngf3 Nf6 5. Bd3 c5 6. exd5 exd5 7. dxc5 Bxc5 8. O-O O-O 9. Nb3 Bb6 10. h3 h6 11. Re1 Nc6 12. Be3 Bc7 13. c3 a6 14. Nbd4 Qd6 15. Nf5 Bxf5 16. Bxf5 Ne4 17. Qc2 Rfe8 18. Rad1 Rad8 19. c4 Nf6 20. cxd5 Nb4 21. Qb3 Nbxd5 22. Bc1 Rxe1+ 23. Rxe1 Bb6 24. Kf1 Re8 25. Rxe8+ Nxe8 26. Be4 Nef6 27. Bd3 Qc5 28. Qc2 Kf8 29. Qxc5+ Bxc5 30. a3 Ke7 31. g3 Bb6 32. Ke2 Ke6 33. Nh4 Ne7 34. Bc4+ Nfd5 35. f4 h5 36. Nf3 f6 37. Bd2 Nf5 38. g4 hxg4 39. hxg4 Nd4+ 40. Nxd4+ Bxd4 41. Kd3 Bxb2 42. Ke4 Bxa3 43. Bxd5+ 1-0


[Site "https://www.chess.com"]

[Event "Titled Tuesday Blitz July 13 2021"]
[White "Garcia, Gabriel Gonzaga"]
[Black "Nguyen, Quoc Hy"]
[WhiteFideId "2138956"]
[BlackFideId "12410853"]
[WhiteElo "2240"]
[BlackElo "1975"]
[Result "0-1"]
[Round "06"]
[TimeControl "180+1"]
[Date "2021.07.13"]
[WhiteClock "0:00:24"]
[BlackClock "0:00:25"]

1. e4 c5 2. Nf3 a6 3. Nc3 b5 4. d4 cxd4 5. Nxd4 Bb7 6. Bd3 g6 7. O-O Bg7 8. Be3 d6 9. Re1 Nd7 10. f3 Ngf6 11. Bf2 O-O 12. a4 b4 13. Nce2 Nc5 14. Bc4 Rc8 15. Ba2 Qd7 16. a5 e5 17. Nb3 Na4 18. Rb1 d5 19. exd5 Nxd5 20. Nd2 Rfd8 21. Bb3 Nc5 22. Bxc5 Rxc5 23. Nc4 Qc7 24. Nd2 Ne3 25. Qc1 Nxc2 26. Ne4 Bxe4 27. fxe4 Nxe1 28. Qxe1 Qxa5 29. Ra1 Qb6 30. Kh1 Rc7 31. h4 h5 32. Qg3 a5 33. Ng1 Rd4 34. Nf3 Rxe4 35. Rd1 Re7 36. Ng5 Rg4 37. Qh3 Bf6 38. Nxf7 Rxf7 39. Rd7 Rxh4 40. Qxh4 Bxh4 41. Rxf7 Kh8 42. Rf8+ Kg7 43. Rf7+ Kh6 0-1


[Site "https://www.chess.com"]

[Event "Titled Tuesday Blitz July 13 2021"]
[White "Gedgafov, Chamal"]
[Black "Weinstein, Norman"]
[WhiteFideId "34130621"]
[BlackFideId "2000466"]
[WhiteElo "2005"]
[BlackElo "2518"]
[Result "0-1"]
[Round "06"]
[TimeControl "180+1"]
[Date "2021.07.13"]
[WhiteClock "0:00:02"]
[BlackClock "0:00:10"]

1. d4 Nf6 2. c4 g6 3. Nc3 Bg7 4. e4 O-O 5. Nf3 d6 6. Be2 c5 7. d5 e6 8. h3 Re8 9. O-O Na6 10. Bd3 Nc7 11. Bf4 exd5 12. exd5 Nh5 13. Bh2 f5 14. Qd2 Qf6 15. Rfe1 Bd7 16. Rxe8+ Rxe8 17. Re1 a6 18. a4 Rb8 19. Qe2 Bf8 20. Qe3 Ng7 21. Qg5 Qxg5 22. Nxg5 b5 23. axb5 axb5 24. b3 b4 25. Ne2 h6 26. Nf3 Ra8 27. Nf4 Kf7 28. h4 Ra3 29. Bc2 Ra2 30. Bd1 Nce8 31. h5 g5 32. Ng6 f4 33. Nxf8 Kxf8 34. g3 g4 35. Nh4 f3 36. Nxf3 gxf3 37. Bxf3 Kf7 38. g4 Rb2 39. Re3 Rd2 40. Be2 Rd4 41. f3 Rd2 42. Kf2 Rb2 43. Bf4 Ra2 44. Bxh6 Nf6 45. Bf4 Nge8 46. h6 Nh7 47. Kg3 Nf8 48. Bd3 Rb2 49. Be4 Nf6 50. Bg5 Nxe4+ 51. fxe4 Nh7 52. Bf4 Kg6 53. Bxd6 Kxh6 54. Bxc5 Kg5 55. Bxb4 Nf6 56. e5 Nxg4 57. Re1 Bf5 58. Bc3 Rxb3 59. Rc1 Nxe5 60. Kf2 Nxc4 61. Bd4 Nd6 62. Rc6 Ne4+ 63. Ke2 Rb5 64. d6 Rd5 65. Be3+ Kg4 0-1


[Site "https://www.chess.com"]

[Event "Titled Tuesday Blitz July 13 2021"]
[White "Gerasimenyuk, Mikhail"]
[Black "Vlassov, Nikolai"]
[WhiteFideId "14111845"]
[BlackFideId "4103360"]
[WhiteElo "2254"]
[BlackElo "2407"]
[Result "0-1"]
[Round "06"]
[TimeControl "180+1"]
[Date "2021.07.13"]
[WhiteClock "0:02:18"]
[BlackClock "0:01:54"]

1. d4 Nf6 2. Nf3 g6 3. Bg5 Bg7 4. e3 O-O 5. Nbd2 h6 6. Bxf6 Bxf6 7. c3 d5 8. Bd3 Nd7 9. Qc2 e5 10. h4 e4 11. Be2 exf3 12. gxf3 h5 13. f4 Re8 14. Nf3 Nf8 15. Bd3 Bg4 16. Ne5 Bxe5 17. dxe5 c5 18. Be2 Bxe2 19. Qxe2 Qa5 20. Rg1 d4 21. f5 dxc3 22. O-O-O Qxa2 0-1


[Site "https://www.chess.com"]

[Event "Titled Tuesday Blitz July 13 2021"]
[White "German, Sergio"]
[Black "Solon, Nathan"]
[WhiteFideId "105104"]
[BlackFideId "2017229"]
[WhiteElo "2457"]
[BlackElo "2635"]
[Result "1/2-1/2"]
[Round "06"]
[TimeControl "180+1"]
[Date "2021.07.13"]
[WhiteClock "0:00:03"]
[BlackClock "0:00:10"]

1. e4 c5 2. Nf3 d6 3. d4 cxd4 4. Nxd4 Nf6 5. Nc3 a6 6. g3 e5 7. Nb3 Be7 8. Bg2 O-O 9. O-O Be6 10. Nd5 Bxd5 11. exd5 Nbd7 12. a4 Rc8 13. Be3 Qc7 14. c3 Nb6 15. Na5 Nbxd5 16. Bxd5 Qxa5 17. Bxb7 Rb8 18. b4 Qc7 19. Bxa6 Qxc3 20. b5 d5 21. Qc1 Qa5 22. Qc2 d4 23. Bd2 Bb4 24. Bxb4 Qxb4 25. a5 e4 26. Rfb1 Qd6 27. b6 e3 28. Qc7 Qd5 29. Rb2 Ng4 30. fxe3 dxe3 31. Rc1 Qxa5 32. Be2 Nf2 33. b7 Qd5 34. Qc6 Nh3+ 35. Kf1 Qe5 36. Rbb1 Rfd8 37. Qc8 Qf6+ 38. Kg2 Qf2+ 39. Kxh3 Qxe2 40. Qxb8 Qh5+ 41. Kg2 Qe2+ 42. Kh3 Qh5+ 43. Kg2 Qe2+ 44. Kh3 1/2-1/2


[Site "https://www.chess.com"]

[Event "Titled Tuesday Blitz July 13 2021"]
[White "Gledura, Benjamin"]
[Black "FGHSMN"]
[WhiteFideId "712779"]
[WhiteElo "2326"]
[BlackElo "2499"]
[Result "1-0"]
[Round "06"]
[TimeControl "180+1"]
[Date "2021.07.13"]
[WhiteClock "0:02:19"]
[BlackClock "0:00:32"]

1. d4 Nf6 2. c3 c5 3. h3 d5 4. dxc5 e5 5. Nf3 Nc6 6. b4 e4 7. Nd4 Be7 8. Bf4 O-O 9. e3 a5 10. Nd2 axb4 11. Nxc6 bxc6 12. cxb4 d4 13. Bc4 d3 14. O-O Bf5 15. a4 Nd5 16. Bxd5 Qxd5 17. Qb3 Qd7 18. Rfc1 Be6 19. Qb2 g5 20. Be5 f6 21. Bd6 Bxd6 22. cxd6 Bd5 23. Qd4 f5 24. b5 Rfc8 25. Nc4 Bxc4 26. Qxc4+ Kh8 27. Qd4+ Kg8 28. bxc6 Rxc6 29. Qd5+ Kf8 30. Rxc6 d2 31. Rc7 Rxa4 32. Rxa4 Qxa4 33. Qf7# 1-0


[Site "https://www.chess.com"]

[Event "Titled Tuesday Blitz July 13 2021"]
[White "Golubev, Mikhail"]
[Black "Khanin, Semen"]
[WhiteFideId "14100983"]
[BlackFideId "4111990"]
[WhiteElo "2374"]
[BlackElo "2521"]
[Result "0-1"]
[Round "06"]
[TimeControl "180+1"]
[Date "2021.07.13"]
[WhiteClock "0:00:03"]
[BlackClock "0:00:03"]

1. e4 c5 2. Nf3 e6 3. d4 cxd4 4. Nxd4 Nc6 5. Nc3 Qc7 6. Be3 a6 7. a3 b5 8. Nxc6 Qxc6 9. Bd3 Bb7 10. O-O Nf6 11. Re1 Be7 12. Qf3 d6 13. Rad1 h5 14. h3 Rg8 15. Bg5 Qc5 16. Qf4 O-O-O 17. Qd2 Kb8 18. b4 Qc6 19. f3 Rc8 20. Ne2 Ka8 21. Nd4 Qc3 22. Qf2 Nxe4 23. fxe4 Bxg5 24. Bxb5 e5 25. Nf3 Bf4 26. Bd3 f5 27. b5 fxe4 28. bxa6 Bc6 29. Rxe4 d5 30. Rb4 e4 31. Bf1 Be3 32. Nd4 Bxf2+ 33. Kxf2 Rgf8+ 34. Kg1 e3 35. Rd3 Qc5 0-1


[Site "https://www.chess.com"]

[Event "Titled Tuesday Blitz July 13 2021"]
[White "Gracia Alvarez, Gerardo Antonio"]
[Black "Belyakov, Bogdan"]
[WhiteFideId "5109124"]
[BlackFideId "24104795"]
[WhiteElo "2148"]
[BlackElo "2407"]
[Result "1/2-1/2"]
[Round "06"]
[TimeControl "180+1"]
[Date "2021.07.13"]
[WhiteClock "0:00:06"]
[BlackClock "0:00:16"]

1. e4 e5 2. Nf3 Nc6 3. Bc4 Bc5 4. c3 Nf6 5. d4 exd4 6. b4 Bb6 7. e5 d5 8. exf6 dxc4 9. b5 Na5 10. Qe2+ Be6 11. fxg7 Rg8 12. cxd4 Rxg7 13. Nc3 Bxd4 14. Bb2 Bb6 15. Ne4 Rg6 16. Ne5 Rxg2 17. Qf3 Rg5 18. Nf6+ Kf8 19. Nxh7+ Kg8 20. Nxg5 Qxg5 21. Ke2 Qf5 22. Rhg1+ Kh7 23. Qxf5+ Bxf5 24. Ng4 Re8+ 25. Kf3 Bxg4+ 26. Rxg4 Re6 27. Rg7+ Kh6 28. Rag1 Rg6 29. R7xg6+ fxg6 30. Bc1+ Kg7 31. Be3 a6 32. Bxb6 cxb6 33. bxa6 bxa6 34. Ke4 b5 35. Kd4 b4 36. Kc5 b3 37. axb3 cxb3 38. Kb4 Nc6+ 39. Kxb3 Kf6 40. Ra1 Nd4+ 41. Kc4 Nf3 42. Rxa6+ Kf5 43. Kd3 Nxh2 44. Ke2 g5 45. Ra5+ Kf4 46. Ra4+ Kf5 47. f3 g4 48. f4 g3 49. Ra1 Kxf4 50. Ra4+ Kf5 51. Ra5+ Kg4 52. Ra4+ Kh3 53. Ra8 Kg2 54. Rg8 Nf3 55. Rxg3+ Kxg3 1/2-1/2


[Site "https://www.chess.com"]

[Event "Titled Tuesday Blitz July 13 2021"]
[White "Gusarov, Grigory"]
[Black "Shahinyan, David"]
[WhiteFideId "24102172"]
[BlackFideId "13304380"]
[WhiteElo "2269"]
[BlackElo "2372"]
[Result "1-0"]
[Round "06"]
[TimeControl "180+1"]
[Date "2021.07.13"]
[WhiteClock "0:01:03"]
[BlackClock "0:00:16"]

1. d4 Nf6 2. Nf3 c5 3. d5 a6 4. Nc3 b5 5. Bg5 d6 6. Bxf6 exf6 7. e4 g6 8. Bd3 Bg7 9. O-O O-O 10. h3 Nd7 11. Re1 Ne5 12. a4 b4 13. Nb1 a5 14. Nbd2 Qe7 15. Nc4 Ba6 16. Ncxe5 fxe5 17. Bxa6 Rxa6 18. Nd2 f5 19. Qe2 Raa8 20. Nc4 fxe4 21. Qxe4 Rf4 22. Qxf4 Rf8 23. Qe4 Qf6 24. f3 Qd8 25. Rad1 Bh6 26. b3 Bf4 27. Re2 Qh4 28. Ne3 Kg7 29. Nf1 Qg5 30. Qd3 h5 31. Re4 Qh4 32. g3 Qg5 33. h4 Qf6 34. gxf4 Qxh4 35. Qe2 exf4 36. Qg2 Rf5 37. Qh2 Qf6 38. Rde1 Rxd5 39. Qxf4 Rg5+ 40. Kh1 Qd8 41. Re7+ Kh6 42. Nh2 c4 43. R1e6 Qb6 44. Rxg6+ Kxg6 45. Qf7+ Kh6 46. Qh7# 1-0


[Site "https://www.chess.com"]

[Event "Titled Tuesday Blitz July 13 2021"]
[White "Hebden, Mark L"]
[Black "Hoffmann, Asa"]
[WhiteFideId "400084"]
[BlackFideId "2001470"]
[WhiteElo "2457"]
[BlackElo "2117"]
[Result "1-0"]
[Round "06"]
[TimeControl "180+1"]
[Date "2021.07.13"]
[WhiteClock "0:02:15"]
[BlackClock "0:01:51"]

1. d4 Nf6 2. Nf3 d6 3. Nc3 c6 4. e4 Bg4 5. h3 Bh5 6. Qe2 e6 7. g4 Bg6 8. h4 h5 9. g5 Nfd7 10. Be3 Be7 11. Bh3 Qa5 12. Nd2 b5 13. O-O d5 14. a3 Qc7 15. f4 dxe4 16. Ncxe4 Na6 17. f5 exf5 18. Bxf5 Bxf5 19. Rxf5 g6 20. Rf2 Rf8 21. Raf1 Nb6 22. Bf4 Qd7 23. Nf6+ 1-0


[Site "https://www.chess.com"]